 Dungeon Crawl Stone Soup version 0.31.0-12-g77e489cdc1 (webtiles) character file.

Game seed: 14748888690724851276

28 booth the Chopper (level 2, -2/34 HPs)
             Began as a Demonspawn Gladiator on Feb 20, 2024.
             Killed by nerve-wracking pain
             ... invoked by an orc priest
              (6 damage)
             ... on level 2 of the Dungeon.
             The game lasted 00:05:36 (817 turns).

booth the Chopper (Demonspawn Gladiator)             Turns: 817, Time: 00:05:36

Health: -2/34      AC:  4    Str: 14    XL:     2   Next: 96%
Magic:  2/2        EV: 12    Int:  8    God:
Gold:   73         SH:  0    Dex: 14    Spells: 1/1 levels left

rFire   . . .        a - +0 war axe
rCold   . . .        (no shield)
rNeg    . . .        b - +0 leather armour
rPois   .            c - +0 helmet
rElec   .            (no cloak)
rCorr   .            (no gloves)
SInv    .            (no boots)
Will    .....        (no amulet) Stlth
                     (no ring)
HPRegen 0.25/turn    (no ring)
MPRegen 0.08/turn

%: no passive effects
@: berserking, very quick
A: weakness stinger 1
a: no special abilities


You were on level 2 of the Dungeon.
You visited 1 branch of the dungeon, and saw 2 of its levels.

You collected 73 gold pieces.

Inventory:

Hand Weapons
 a - a +0 war axe (weapon)
 m - a +0 mace
Missiles
 d - 2 throwing nets (quivered)
Armour
 b - a +0 leather armour (worn)
 c - a +0 helmet (worn)
Jewellery
 f - a ring of protection from cold
Scrolls
 h - a scroll of teleportation
 i - a scroll of revelation {unknown}
Potions
 g - 2 potions of haste
 l - a potion of brilliance {unknown}
 n - a potion of curing {unknown}


   Skills:
 + Level 2.3 Fighting
 * Level 3.1 Axes
 + Level 2.1 Throwing
 + Level 2.9 Dodging


You had one spell level left.
You didn't know any spells.
Your spell library was empty.

Dungeon Overview and Level Annotations

Branches:
Dungeon (2/15)

Altars:


Innate Abilities, Weirdness & Mutations

You have a small tail.


Message History

The orc priest looks satisfied for a moment.
The ribbon worm closely misses you.
An orc comes into view. It is wielding a +0 falchion.
The ribbon worm bites you but does no damage.
The orc shouts!
You hit the ribbon worm.
You kill the ribbon worm!
You hear a shout!
The orc priest calls down the wrath of Beogh upon you.
Beogh smites you!
Ouch! That really hurt!
* * * LOW HITPOINT WARNING * * *
The kobold throws a stone.
The stone barely misses you.
Throw: 3 throwing nets
Press: ? - help, Q - select action, (/) - cycle Shift-Dir - straight line, f - orc priest
Aim: an orc priest, wielding a +0 flail and wearing a +0 ring mail (61% to hit)
You throw a throwing net.
The throwing net barely misses the orc priest.
Throw: javelin
Press: ? - help, Q - select action, (/) - cycle Shift-Dir - straight line, f/p - orc priest
Aim: an orc priest, wielding a +0 flail and wearing a +0 ring mail (61% to hit)
You throw a javelin.
The javelin pierces through the orc priest but does no damage.
The javelin pierces through the kobold!
You kill the kobold!
The javelin pierces through the orc but does no damage.
The javelin pierces through the orc!
You kill the orc!
An orc comes into view. It is wielding a +0 short sword.
The orc priest hits you with a +0 flail.
* * * LOW HITPOINT WARNING * * *
It was a potion of berserk rage.
A red film seems to cover your vision as you go berserk!
You feel yourself moving faster!
You feel mighty! The orc priest closely misses you.
You slash the orc priest!
The orc priest is severely wounded.
The orc priest calls down the wrath of Beogh upon you.
Pain shoots through your body!
You die...

###########
..........####
#.##.......#
#@#####.# #o#
#.###### (o#
#......# .#o#
##.####.#
#..)#
#....##.# #
#(. #...###.#
### #...#
##### #.⌠.#
...#
####...###.>.#


You could see an orc priest and 2 orcs.

Vanquished Creatures
  A dart slug (D:1)
  A ribbon worm (D:2)
  An orc (D:2)
  4 bats (D:1)
  2 endoplasms (D:1)
  2 giant cockroaches (D:1)
  A hobgoblin (D:1)
  3 kobolds
  2 quokkas (D:1)
  2 ball pythons (D:1)
  A frilled lizard (D:1)
  A rat (D:1)
21 creatures vanquished.

Notes
Turn   | Place    | Note
-------+----------+-------------------------------------------
     0 | D:1      | booth the Demonspawn Gladiator began the quest for the Orb.
     0 | D:1      | Reached XP level 1. HP: 16/16 MP: 1/1
   320 | D:1      | Discovered your monstrous ancestry.
   320 | D:1      | Gained mutation: You have a small tail. [demonic ancestry]
   320 | D:1      | Reached XP level 2. HP: 15/22 MP: 2/2
   425 | D:1      | Reached skill level 3 in Axes
   817 | D:2      | Killed from afar by an orc priest

Illustrated notes

Levels and vault maps discovered:
D:1:      grunt_arrival_lava_bath, layout_basic
D:2:      layout_loops_ring, minmay_misc_feat_square, minmay_misc_feat_chi,
          nicolae_elevator_lobby_asterisk, uniq_crazy_yiuf_cottage

Skill      XL: |  1  2 |
---------------+-------+-----
Axes           | 3 |  3.1
Throwing       | 2 |  2.1
Fighting       | |  2.3
Dodging        | |  2.9

Action                     || total
---------------------------++-------
  Melee: War axe           ||    48
         Tailslap          ||     3
  Throw: Javelin           ||     1
         Throwing net      ||     1
    Use: Scroll            ||     3
         Potion            ||     1
   Stab: Sleeping          ||     1
 Armour: Leather armour    ||    20
  Dodge: Dodged            ||    29
